 Dungeon Crawl Stone Soup version 0.30-a0-385-gfebfb9b408 (webtiles) character file.

Game seed: 734562094736953850

35161 qeuew the Geomancer (level 13, -17/68 HPs)
             Began as a Gargoyle Earth Elementalist on Dec 2, 2022.
             Was a High Priest of Hepliaklqana.
             Demolished by an orc knight
             ... wielding a +0 halberd
              (18 damage)
             ... on level 2 of the Orcish Mines.
             The game lasted 00:38:39 (16980 turns).

qeuew the Geomancer (Gargoyle Earth Elementalist)  Turns: 16980, Time: 00:38:41

Health: -17/68     AC: 19    Str: 16    XL:     13   Next: 82%
Magic:  33/34      EV: 13    Int: 20    God:    Hepliaklqana [*****.]
Gold:   1383       SH:  0    Dex: 15    Spells: 11/29 levels left

rFire   . . .      SeeInvis .    d - +0 dire flail (flame)
rCold   . . .      Faith    .    (shield currently unavailable)
rNeg    + . .      Spirit   .    j - +0 acid dragon scales
rPois   ∞          Reflect  +    s - +1 helmet
rElec   +          Harm     .    (no cloak)
rCorr   +          Rampage  .    (no gloves)
Will    .....                    (no boots)
Stlth   +.........               k - amulet of reflection
HPRegen 0.31/turn                x - +6 ring of dexterity
MPRegen 0.24/turn                D - ring of magical power

@: confused, unable to read
A: reduced essence, sickness immunity, AC +9, negative energy resistance 1,
electricity resistance, torment resistance 1, petrification resistance, strong
1, inability to read after injury 1
a: Renounce Religion, Recall Ancestor, Ancestor Identity, Transference, Idealise


You were on level 2 of the Orcish Mines.
You worshipped Hepliaklqana.
Hepliaklqana was extremely pleased with you.
You visited 3 branches of the dungeon, and saw 17 of its levels.

You collected 1383 gold pieces.

Inventory:

Hand Weapons
 d - a +0 dire flail of flaming (weapon)
Missiles
 e - a throwing net
Armour
 j - +0 acid dragon scales (worn)
 s - a +1 helmet (worn)
Jewellery
 k - an amulet of reflection (around neck)
 x - a +6 ring of dexterity (left hand)
 D - a ring of magical power (right hand)
Wands
 f - a wand of mindburst (16)
 l - a wand of flame (50)
 t - a wand of acid (4)
 w - a wand of paralysis (3)
Scrolls
 b - 2 scrolls of fear
 c - 2 scrolls of amnesia
 n - 2 scrolls of fog
 o - 4 scrolls of identify
 p - a scroll of enchant armour
 y - 5 scrolls of teleportation
 z - a scroll of silence
 E - a scroll of brand weapon
 G - a scroll of poison
Potions
 a - 2 potions of invisibility
 g - 6 potions of curing
 h - 4 potions of berserk rage
 i - 3 potions of flight
 q - a potion of might
 r - 3 potions of resistance
 u - 2 potions of ambrosia
 v - a potion of cancellation
 A - a potion of brilliance
 C - 2 potions of mutation
Miscellaneous
 F - a lightning rod (4/4)


   Skills:
 + Level 6.9 Fighting
 * Level 8.9 Maces & Flails
 + Level 6.8 Armour
 + Level 5.4 Dodging
 - Level 2.1 Stealth
 * Level 8.6 Spellcasting
 + Level 6.6 Conjurations
 + Level 2.0 Summonings
 + Level 5.3 Transmutations
 * Level 11.5 Earth Magic
 * Level 9.0 Invocations
 + Level 5.6 Evocations


You had 11 spell levels left.
You knew the following spells:

 Your Spells              Type           Power      Damage    Failure   Level
a - Sandblast             Erth           100%       2d20      1%          1
b - Stone Arrow           Conj/Erth      90%        3d12      1%          3
c - Petrify               Tmut/Erth      42%        N/A       3%          4
d - Summon Hydra          Summ           8%         N/A       100%        7
e - Hailstorm             Conj/Ice       22%        3d7       8%          3

Your spell library contained the following spells:

 Spells                   Type           Power      Damage    Failure   Level
 Passwall                 Tmut/Erth      35%        N/A       1%          2
 Dazzling Flash           Conj/Hex       44%        N/A       8%          3
 Ensorcelled Hibernation  Hex/Ice        16%        N/A       16%         2
 Swiftness                Air            8%         N/A       32%         3
 Ice Form                 Ice/Tmut       19%        N/A       34%         4
 Olgreb's Toxic Radiance  Pois           8%         N/A       71%         4
 Summon Forest            Summ/Tloc      6%         N/A       88%         5
 Agony                    Necr           8%         N/A       96%         5
 Silence                  Hex/Air        4%         N/A       96%         5
 Eringya's Noxious Bog    Tmut/Pois      9%         N/A       99%         6
 Simulacrum               Ice/Necr       4%         N/A       100%        6
 Ozocubu's Refrigeration  Ice            4%         4d8       100%        7
 Ignition                 Fire           4%         3d4       100%        8


Dungeon Overview and Level Annotations

Branches:
Dungeon (10/15)            Temple (0/1) D:4            Lair (5/5) D:10
  Swamp (0/4) Lair:3        Snake (0/4) Lair:2        Slime (0/5) Lair:5
    Orc (2/2) D:9
    Elf: Orc:2

Altars:
Ashenzari
Dithmenos
Elyvilon
Fedhas
Hepliaklqana
Makhleb
Okawaru
Qazlal
Ru
Sif Muna
Uskayaw
Vehumet
Xom
Yredelemnul

Shops:
D:4 [   D:6 *   Orc:2 (

Annotations:
Lair:5 exclusion: oklob plant


Innate Abilities, Weirdness & Mutations

Your life essence is reduced to manifest your ancestor. (-10% HP)
You are immune to sickness and miasma.
Your stone body is resilient. (AC +9)
You are immune to poison.
You resist negative energy. (rN+)
You are resistant to electric shocks. (rElec)
You are resistant to unholy torment.
You are immune to petrification.
Your muscles are strong. (Str +4, Int/Dex -1)
You occasionally lose the ability to read scrolls when taking damage.


Message History

* * * LOW HITPOINT WARNING * * *
The orc warrior barely misses you. :QuokkaPog: blocks the orc's attack.
Unknown command. :QuokkaPog: barely misses the orc warrior. :QuokkaPog: blocks the orc's attack.
The orc warrior barely misses you.
The orc knight roars a battlecry!
The orc priest goes into a battle-frenzy!
The orc priest miscasts a cantrip.
You hear some strange, mumbled words.
You are confused.
The orc warrior closely misses you.
The orc hits :QuokkaPog: but does no damage.
In your confused state, you trip and fall back down the stairs.
* * * LOW HITPOINT WARNING * * *
:QuokkaPog: hits the orc warrior with a +0 flail!
The orc closely misses you.
The orc warrior hits you from afar with a +0 halberd!
* * * LOW HITPOINT WARNING * * *
The orc knight barely misses you.
Something barely misses you. :QuokkaPog: blocks the orc warrior's attack.
The orc hits :QuokkaPog: with a +0 whip.
Unknown command.
You feel much better. :QuokkaPog: barely misses the orc.
The orc barely misses you.
The orc warrior hits you but does no damage.
The orc warrior misses you.
The orc knight hits you from afar with a +0 halberd!
You feel threatened and lose the ability to read scrolls!
* * * LOW HITPOINT WARNING * * *
Something completely misses you. :QuokkaPog: blocks the orc warrior's attack.
The orc hits :QuokkaPog: but does no damage.
An orc wizard comes into view.
It is wielding a +0 dagger. :QuokkaPog: hits the orc with a +0 flail.
The orc misses you.
The orc warrior hits you from afar with a +0 halberd!
* * * LOW HITPOINT WARNING * * *
The orc warrior hits you but does no damage.
The orc knight hits you from afar with a +0 halberd!!
You die...

.....o..#.##..
.............
#...........#
##...........#
#.#$..........
##..oo.......$
#...ooR......$
#<.oo@[..#
..∩..o.{)$.....
...$.......#.##
........####
.........
...$.....
$........
..........


You could see the friendly :QuokkaPog: the knight, an orc knight, 3 orc
warriors, an orc priest (strong), an orc wizard and 2 orcs.

Vanquished Creatures
  2 hydras
  6 death yaks
  2 two-headed ogres
  A swamp dragon (Lair:5)
  An oklob plant (Lair:5)
  Pikel (D:8)
  An elephant (Lair:2)
  5 black mambas
  Maggie (D:6)
  7 cane toads
  Psyche (D:8)
  A gargoyle (D:10)
  7 komodo dragons
  A troll (Orc:2)
  Prince Ribbit (D:9)
  2 blink frogs
  Grinder (D:6)
  Sigmund (D:6)
  3 wyverns
  2 vampires (D:10)
  27 yaks
  A wraith (D:9)
  A basilisk (Lair:5)
  2 steam dragons (Lair:5)
  Menkaure (D:6)
  9 water moccasins
  2 nagas (Lair:2)
  An acid dragon (Lair:5)
  A swamp drake (Lair:5)
  5 orc warriors
  An ice beast (D:7)
  9 wolves
  9 bullfrogs
  2 scorpions
  6 wights
  3 killer bees (D:9)
  An electric eel (Lair:3)
  5 howler monkeys
  2 hounds
  A jelly (D:4)
  6 orc priests
  A gnoll bouda (D:5)
  2 iguanas (Lair:5)
  7 orc wizards
  11 gnolls
  6 adders
  An ufetubus (D:7)
  A worm (D:2)
  30 orcs
  4 bats
  3 endoplasms
  3 giant cockroaches
  3 hobgoblins
  2 jackals (D:1)
  4 quokkas
  8 ball pythons
  3 frilled lizards
  4 goblins
  A kobold (D:4)
  5 rats
241 creatures vanquished.

Vanquished Creatures (collateral kills)
  A fire dragon (Lair:5)
  2 death yaks
  An oklob plant (Lair:5)
  2 elephants (Lair:2)
  A black mamba (Lair:4)
  2 cane toads
  3 komodo dragons
  A rime drake (Lair:5)
  A polar bear (Lair:3)
  A blink frog (Lair:4)
  A shadow (D:10)
  14 yaks
  A wyvern (Lair:5)
  2 wraiths
  4 water moccasins
  An acid dragon (Lair:5)
  A swamp drake (Lair:5)
  3 orc warriors
  2 sky beasts
  An ogre (D:6)
  5 wolves
  3 centaurs
  A gnoll sergeant (D:7)
  A scorpion (D:5)
  6 wights
  3 killer bees (D:9)
  A howler monkey (D:9)
  2 hounds
  Crazy Yiuf (D:4)
  2 orc priests (D:5)
  3 iguanas
  3 orc wizards
  6 gnolls
  2 adders
  A worm (D:5)
  19 orcs
104 creatures vanquished.

Vanquished Creatures (others)
  5 knights
  13 fungi
  27 plants
45 creatures vanquished.

Grand Total: 390 creatures vanquished

Notes
Turn   | Place    | Note
-------+----------+-------------------------------------------
     0 | D:1      | qeuew the Gargoyle Earth Elementalist began the quest for
                  | the Orb.
     0 | D:1      | Reached XP level 1. HP: 10/10 MP: 3/3
   185 | D:1      | Reached XP level 2. HP: 15/15 MP: 1/5
   583 | D:1      | Reached skill level 1 in Transmutations
   616 | D:1      | Reached skill level 4 in Earth Magic
  1146 | D:1      | Gained mutation: You occasionally lose the ability to read
                  | scrolls when taking damage. [potion of mutation]
  1146 | D:1      | Gained mutation: Your muscles are strong. (Str +4, Int/Dex
                  | -1) [potion of mutation]
  1264 | D:2      | Reached XP level 3. HP: 20/20 MP: 2/6
  1268 | D:2      | Learned a level 3 spell: Stone Arrow
  1372 | D:2      | Found a hazy altar of Hepliaklqana.
  1554 | D:2      | Became a worshipper of Hepliaklqana the Forgotten
  1929 | D:2      | Reached skill level 1 in Fighting
  2098 | D:2      | Found a faded altar of an unknown god.
  2280 | D:3      | Reached skill level 1 in Armour
  2297 | D:3      | Reached XP level 4. HP: 25/25 MP: 4/7
  2388 | D:3      | Reached * piety under Hepliaklqana
  2538 | D:3      | Reached XP level 5. HP: 17/26 MP: 3/9
  3145 | D:4      | Found a staircase to the Ecumenical Temple.
  3147 | D:4      | Reached ** piety under Hepliaklqana
  3148 | D:4      | Remembered your ancestor :QuokkaPog: as a knight
  3176 | D:4      | Reached skill level 1 in Maces & Flails
  3176 | D:4      | Reached skill level 1 in Conjurations
  3328 | D:4      | Found a shimmering altar of Xom.
  3459 | D:4      | Reached XP level 6. HP: 31/31 MP: 7/10
  3491 | D:4      | Reached skill level 1 in Evocations
  3752 | D:4      | Found Sushrut's Armour Shoppe.
  3901 | D:4      | Reached skill level 5 in Earth Magic
  3943 | D:4      | Found a hazy altar of Hepliaklqana.
  3944 | D:4      | Found a hide-covered altar of Uskayaw.
  4037 | D:4      | Found a runed translucent door.
  4038 | D:4      | Noticed Crazy Yiuf
  4362 | D:4      | Killed Crazy Yiuf
  4363 | D:4      | Reached XP level 7. HP: 36/36 MP: 9/11
  4411 | D:5      | Entered Level 5 of the Dungeon
  4417 | D:5      | Learned a level 4 spell: Petrify
  4530 | D:5      | Found an iron altar of Okawaru.
  5010 | D:5      | Reached XP level 8. HP: 40/40 MP: 3/13
  5149 | D:5      | Found a sacrificial altar of Ru.
  5363 | D:5      | Reached *** piety under Hepliaklqana
  5452 | D:6      | Found a shadowy altar of Dithmenos.
  5468 | D:6      | Noticed Sigmund
  5473 | D:6      | Killed Sigmund
  5485 | D:6      | Noticed Grinder
  5486 | D:6      | Reached skill level 1 in Invocations
  5497 | D:6      | Paralysed by Grinder for 5 turns
  5503 | D:6      | Reached skill level 6 in Earth Magic
  5510 | D:6      | Killed Grinder
  5631 | D:6      | Reached XP level 9. HP: 20/45 MP: 1/15
  5833 | D:6      | Found a basalt altar of Yredelemnul.
  5834 | D:6      | Found a broken altar of Ashenzari.
  5857 | D:6      | Noticed Maggie
  6039 | D:6      | Found Qufenu's Assorted Antiques.
  6041 | D:6      | Noticed Menkaure
  6051 | D:6      | Killed Menkaure
  6055 | D:6      | Killed Maggie
  6138 | D:6      | Found a stormy altar of Qazlal.
  6562 | D:7      | Noticed a two-headed ogre
  6565 | D:7      | Killed a two-headed ogre
  6566 | D:7      | Reached skill level 5 in Spellcasting
  6566 | D:7      | Reached skill level 7 in Earth Magic
  6630 | D:7      | Found a burning altar of Makhleb.
  6645 | D:7      | Upgraded the game from 0.30-a0-381-g6ea064c7b4 to
                  | 0.30-a0-385-gfebfb9b408
  6650 | D:7      | Reached skill level 5 in Maces & Flails
  6650 | D:7      | Reached XP level 10. HP: 48/50 MP: 3/17
  7387 | D:8      | Reached **** piety under Hepliaklqana
  7579 | D:8      | Found a shimmering blue altar of Sif Muna.
  7586 | D:8      | Noticed Psyche
  7717 | D:8      | Killed Psyche
  7851 | D:8      | Reached skill level 8 in Earth Magic
  7982 | D:8      | Noticed Pikel
  7986 | D:8      | Killed Pikel
  8220 | D:9      | Reached skill level 5 in Invocations
  8333 | D:9      | Found a staircase to the Orcish Mines.
  8362 | D:9      | Noticed Prince Ribbit
  8369 | D:9      | Killed Prince Ribbit
  8719 | D:9      | Noticed a two-headed ogre
  8725 | D:9      | Killed a two-headed ogre
  8726 | D:9      | Reached XP level 11. HP: 55/55 MP: 7/20
  9058 | D:9      | Reached skill level 5 in Fighting
  9255 | D:10     | Entered Level 10 of the Dungeon
  9456 | D:10     | Found a radiant altar of Vehumet.
  9481 | D:10     | Found a white marble altar of Elyvilon.
  9648 | D:10     | Reached skill level 5 in Armour
  9797 | D:10     | Noticed a death yak
  9797 | D:10     | Noticed a death yak
  9804 | D:10     | Noticed a death yak
  9805 | D:10     | Killed a death yak
  9806 | D:10     | Reached skill level 5 in Conjurations
  9806 | D:10     | Reached skill level 9 in Earth Magic
  9811 | D:10     | Killed a death yak
  9947 | D:10     | Killed a death yak
 10305 | D:10     | Found a staircase to the Lair.
 10730 | Lair:1   | Entered Level 1 of the Lair of Beasts
 10857 | Lair:1   | Reached ***** piety under Hepliaklqana
 10922 | Lair:1   | Reached XP level 12. HP: 52/61 MP: 18/22
 11106 | Lair:1   | You fall into a shaft and drop 1 floor!
 11816 | Lair:2   | Found a staircase to the Snake Pit.
 11824 | Lair:2   | Reached skill level 10 in Earth Magic
 12771 | Lair:3   | Noticed a five-headed hydra
 12776 | Lair:3   | Killed a five-headed hydra
 12894 | Lair:3   | Found a staircase to the Swamp.
 13043 | Lair:3   | Reached skill level 5 in Evocations
 13333 | Lair:3   | Learned a level 7 spell: Summon Hydra
 13562 | Lair:3   | Reached skill level 5 in Dodging
 13827 | Lair:4   | Reached XP level 13. HP: 34/67 MP: 24/25
 14460 | Lair:5   | Entered Level 5 of the Lair of Beasts
 14493 | Lair:4   | Reached skill level 1 in Summonings
 14619 | Lair:5   | Reached skill level 5 in Transmutations
 14790 | Lair:5   | Found a hazy altar of Hepliaklqana.
 14794 | Lair:5   | Reached skill level 11 in Earth Magic
 14843 | Lair:5   | Learned a level 3 spell: Hailstorm
 15406 | Lair:5   | Found a blossoming altar of Fedhas.
 15617 | Lair:5   | Found a staircase to the Slime Pits.
 16014 | Lair:5   | Noticed a fire dragon
 16030 | Lair:5   | Killed a fire dragon
 16664 | Orc:1    | Entered Level 1 of the Orcish Mines
 16868 | Orc:2    | Entered Level 2 of the Orcish Mines
 16868 | Orc:2    | Found Rismyme's Antique Weapon Boutique.
 16980 | Orc:2    | HP: 1/68 [orc warrior/+0 halberd[an orc knight] (16)]
 16980 | Orc:2    | Demolished by an orc knight

Illustrated notes

Levels and vault maps discovered:
D:1:      minmay_arrival_five_plusses, layout_basic, minmay_misc_feat_iff
D:2:      layout_loops_corners, dilly_ecumenical_altar_fadedgnrine,
          serial_rivers, chequers_serial_rivers_micro_c,
          chequers_serial_rivers_room_a, chequers_serial_rivers_room_b,
          chequers_serial_rivers_small_a, chequers_serial_rivers_room_b,
          chequers_serial_rivers_large_b, basic_altar
D:3:      layout_basic, nicolae_elevator_lobby_plus
D:4:      layout_cave_pods, lemuel_coloured_pillars_altar,
          gammafunk_temple_overflow_statue, minmay_temple_entry_overgrown,
          serial_shops, nicolae_square_shop, serial_glass, glass_columns_a,
          glass_columns_a, uniq_crazy_yiuf_cottage
D:5:      layout_basic, kennysheep_mini, okawaru_ov_weapons_minmay,
          moated_statue
D:6:      wander_river, layout_basic,
          chequers_temple_overflow_statue_of_worship,
          nicolae_dithmenos_shadow_blocks, serial_shops, shop_statue,
          item_on_display_a, uniq_sigmund, uniq_maggie, uniq_grinder,
          uniq_menkaure
D:7:      layout_basic, amcnicky_altar_gilded, dk_noncrumbling_3
D:8:      layout_basic, kennysheep_little_box, uniq_pikel, uniq_psyche
D:9:      layout_stronghold, orc_0_dummy, serial_column_ruins,
          column_ruins_open_large, column_ruins_grid_3, column_ruins_grid_1,
          column_ruins_corridor_corner, bh_walls_and_bars, uniq_prince_ribbit1
D:10:     layout_irregular_city, mainiacjoe_overflow_alcove_4,
          fiery_altar_vehumet, dpeg_lair_monsters, nicolae_benzene_ring
Lair:1:   layout_chaotic_city
Lair:2:   layout_gridlike, guppyfry_snake_entry_garden
Lair:3:   layout_chaotic_city, swamp_mist
Lair:4:   layout_hall_layers, minivault_25
Lair:5:   guppyfry_lair_end_dragon, layout_regular_city,
          minmay_slime_entry_oklob_enclosed, basic_altar, serial_bayou_pond_b,
          tgw_fedhas, grunt_megastairs_2
Orc:1:    layout_caves, basic_altar
Orc:2:    st_orc_elflike, layout_diamond_mine, serial_shops, shop, mines2_david

Skill      XL: |  1  2  3  4  5  6  7  8  9 10 11 12 13 |
---------------+----------------------------------------+-----
Transmutations | 1 2 3 4 5 |  5.3
Earth Magic    | 4 5 6 7 8 9 10 11 | 11.5
Fighting       | 1 2 3 4 5 6 |  6.9
Armour         | 1 2 3 4 5 6 |  6.8
Maces & Flails | 1 2 4 5 6 7 8 |  8.9
Dodging        | 2 3 4 5 |  5.4
Conjurations   | 1 2 3 4 5 6 |  6.6
Spellcasting   | 3 4 5 6 7 8 |  8.6
Evocations     | 1 2 3 4 5 |  5.6
Invocations    | 2 4 5 6 8 9 |  9.0
Summonings     | 2 |  2.0
Stealth        | |  2.1

Action                   |  1- 3 |  4- 6 |  7- 9 | 10-12 | 13-15 || total
-------------------------+-------+-------+-------+-------+-------++-------
Melee: Unarmed           |    11 |     1 |       |       |       ||    12
       Flail             |       |     1 |       |       |       ||     1
       Morningstar       |       |     7 |       |       |       ||     7
       Mace              |       |       |    24 |       |       ||    24
       Dire flail        |       |       |     1 |    78 |     5 ||    84
 Cast: Sandblast         |    43 |    49 |    87 |   238 |   115 ||   532
       Stone Arrow       |       |       |    15 |    33 |    43 ||    91
       Hailstorm         |       |       |       |       |     2 ||     2
Invok: Ancestor Identity |       |     2 |       |       |       ||     2
       Recall Ancestor   |       |     1 |     1 |     1 |       ||     3
       Ancestor Life: Kn |       |     1 |       |       |       ||     1
       Idealise          |       |       |       |     2 |       ||     2
       Transference      |       |       |       |     1 |     2 ||     3
  Use: Scroll            |     9 |     2 |    10 |     7 |     3 ||    31
       Potion            |     2 |     1 |     3 |     1 |     1 ||     8
 Stab: Sleeping          |       |       |     1 |       |       ||     1
       Distracted        |       |       |       |     1 |       ||     1
Armor: Robe              |     6 |     8 |    24 |       |       ||    38
       Leather armour    |       |       |     3 |       |       ||     3
       Acid dragon scale |       |       |     1 |   118 |    66 ||   185
Dodge: Dodged            |    13 |    26 |    35 |   189 |    90 ||   353
Block: Other             |       |       |     1 |    74 |    31 ||   106

Table legend: (Time is in decaauts)
 A = Elapsed time spent in this place.
 B = Non-inter-level travel time spent in this place.
 C = Inter-level travel time spent in this place.
 D = Time resting spent in this place.
 E = Time spent auto-exploring this place.
 F = Levels seen in this place.
 G = Mean time per level.
                   A        B        C        D        E       F      G
               +--------+--------+--------+--------+--------+-----+--------+
         Total |  17329 |  16627 |    702 |    728 |  13757 |  17 | 1019.4 |
       Dungeon |  11008 |  10552 |    456 |    520 |   8654 |  10 | 1100.8 |
          Lair |   5991 |   5746 |    245 |    118 |   4933 |   5 | 1198.2 |
  Orcish Mines |    329 |    329 |      0 |     90 |    170 |   2 |  164.5 |
               +--------+--------+--------+--------+--------+-----+--------+

Top non-repeatable levels by time:
  Lair:5: 1982 daAuts
     D:9: 1606 daAuts
     D:4: 1286 daAuts
     D:1: 1206 daAuts
  Lair:2: 1159 daAuts
     D:6: 1157 daAuts
     D:2: 1109 daAuts
    D:10: 1108 daAuts
  Lair:3: 1061 daAuts
     D:5: 1042 daAuts
  Lair:1: 972 daAuts
     D:3: 895 daAuts
     D:7: 881 daAuts
  Lair:4: 816 daAuts
     D:8: 715 daAuts
